Map: Ruins of Endion

Players

ZertoN - Winner!

  • Race: Terran Terran
  • League: Master

FinnsoN

  • Race: Terran Terran
  • League: Master

VOD

Have the link to the VOD?

Description

Time

  • Played on: July 10, 2016, 2:53 p.m.
  • Length: 12:23
Show
View Real Time Build Order
Export as new Build Order

ZertoN Terran - Winner!

Build Orders: Hellion Opening, Mech 

Get SALT Encoding   

  12  0:00  SCV  
  13  0:12  SCV  
  14  0:17  Supply Depot  
  14  0:25  SCV  
  15  0:31  Refinery  
  15  0:39  SCV  
  16  0:44  Barracks  
  16  0:51  SCV  
  17  1:03  SCV  
  18  1:15  SCV  
  19  1:31  Orbital Command  
  20  1:33  Reaper  
  20  1:42  Command Center  
  20  1:52  Supply Depot  
  20  1:57  SCV  
  21  2:05  Factory  
  21  2:09  SCV  
  21  2:10  Barracks Reactor  
  22  2:16  Refinery  
  22  2:21  SCV  
  23  2:33  SCV  
  24  2:46  SCV  
  24  2:50  Starport  
  25  2:54  Orbital Command  
  25  2:57  Hellion x2  
  25  2:58  SCV  
  30  3:10  SCV  
  31  3:18  Hellion x2  
  35  3:21  SCV  
  35  3:22  SCV  
  37  3:30  Supply Depot  
  37  3:31  Viking  
  37  3:32  Barracks Tech Lab  
  37  3:33  SCV  
  40  3:34  SCV  
  40  3:40  Hellion  
  43  3:42  Hellion  
  43  3:45  SCV  
  46  3:52  SCV  
  47  3:57  SCV  
  47  4:02  Hellion  
  50  4:03  Hellion  
  50  4:04  SCV  
  50  4:09  SCV  
  51  4:12  Supply Depot  
  51  4:16  Raven, SCV  
  54  4:33  SCV x2  
  54  4:34  Supply Depot, Hellion x2  
  60  4:45  SCV x2  
  60  4:47  Command Center  
  62  4:56  Supply Depot  
  62  4:57  SCV  
  56  5:00  SCV  
  56  5:06  Barracks Reactor  
  57  5:07  Factory  
  57  5:10  SCV  
  57  5:11  Siege Tank  
  57  5:12  SCV, Viking  
  64  5:22  SCV, Refinery x2  
  65  5:28  SCV  
  65  5:32  Viking  
  65  5:34  SCV  
  69  5:40  SCV  
  69  5:42  Viking  
  72  5:46  SCV, Siege Tank  
  76  5:52  SCV  
  71  5:58  SCV  
  71  6:01  Orbital Command  
  70  6:05  SCV  
  70  6:06  Supply Depot, Armory  
  70  6:07  Supply Depot  
  70  6:09  Hellion  
  70  6:10  SCV, Hellion  
  76  6:16  Viking  
  76  6:17  SCV, Viking  
  81  6:22  SCV, Siege Tank  
  85  6:26  Orbital Command  
  85  6:29  SCV, Liberator  
  86  6:34  SCV  
  86  6:37  Hellion x2  
  91  6:41  SCV  
  91  6:46  SCV  
  96  6:53  SCV  
  97  6:56  Siege Tank  
  97  6:58  SCV x2  
  97  6:59  Supply Depot  
  97  7:00  Factory  
  102  7:02  Supply Depot  
  102  7:05  Supply Depot, SCV, Refinery  
  102  7:06  Liberator  
  102  7:07  Refinery  
  103  7:09  Hellion  
  103  7:10  Hellion  
  108  7:15  SCV x2  
  108  7:19  Terran Vehicle Weapons Level 1  
  108  7:20  SCV  
  110  7:27  SCV x2  
  115  7:33  Engineering Bay  
  115  7:38  SCV  
  115  7:39  SCV  
  116  7:44  SCV  
  116  7:50  SCV  
  118  7:52  SCV  
  118  7:56  SCV, Siege Tank  
  123  7:59  Hellbat  
  123  8:00  Hellion  
  123  8:02  Factory Tech Lab, Factory x2  
  123  8:04  Missile Turret  
  123  8:05  Missile Turret x2  
  127  8:06  Sensor Tower, Missile Turret  
  127  8:18  Missile Turret  
  127  8:23  Hellion, Hellbat  
  127  8:25  Viking  
  133  8:35  Supply Depot  
  133  8:36  Supply Depot x2  
  133  8:37  Supply Depot  
  133  8:38  Siege Tank, Viking  
  133  8:39  Supply Depot  
  133  8:40  Siege Tank  
  141  8:47  Factory Tech Lab x2  
  141  8:49  Factory Reactor  
  141  8:57  Hellion, Hellbat  
  141  8:59  Missile Turret  
  145  9:03  Missile Turret  
  145  9:05  Missile Turret  
  145  9:07  Sensor Tower  
  145  9:08  Missile Turret  
  145  9:10  Siege Tank  
  145  9:13  Siege Tank x2  
  154  9:18  Hellbat x2  
  158  9:28  Barracks  
  158  9:31  Missile Turret  
  158  9:41  Hellbat x4  
  158  9:42  Siege Tank  
  169  9:45  Siege Tank  
  170  9:55  Hellion x13  
  170  10:06  Hellbat, Siege Tank  
  170  10:07  Hellbat  
  177  10:14  Siege Tank  
  177  10:20  Siege Tank  
  177  10:21  Hellbat x2  
  176  10:26  Viking  
  176  10:28  Hellbat x2  
  150  10:38  Siege Tank  
  153  10:46  Siege Tank  
  156  10:50  Hellbat x2, Viking  
  156  10:52  Siege Tank  
  156  10:56  Viking  
  141  11:09  Hellbat x2  
  141  11:10  Siege Tank  
  124  11:18  Hellion, Siege Tank  
  124  11:23  Hellbat x2  
  124  11:24  Siege Tank, Viking  
  136  11:42  Siege Tank  
  139  11:48  Hellbat x4  
  139  11:50  Siege Tank  
  139  11:52  Command Center  
  150  11:57  Hellbat  
Show
View Real Time Build Order
Export as new Build Order

FinnsoN Terran 

Build Orders: Reaper Expand 

Get SALT Encoding   

  12  0:00  SCV  
  13  0:12  SCV  
  14  0:17  Supply Depot  
  14  0:25  SCV  
  15  0:39  SCV  
  15  0:40  Barracks  
  16  0:44  Refinery  
  16  0:51  SCV  
  17  1:03  SCV  
  18  1:15  SCV  
  19  1:27  Orbital Command  
  19  1:30  Reaper  
  20  1:44  Command Center  
  20  1:52  Supply Depot  
  20  1:55  SCV  
  21  2:02  Barracks Reactor  
  21  2:07  SCV  
  22  2:19  SCV  
  23  2:24  Factory  
  23  2:31  SCV  
  24  2:38  Marine x2  
  24  2:44  SCV  
  27  2:56  SCV, Orbital Command, Marine x2  
  30  3:08  SCV  
  30  3:09  Starport  
  30  3:10  Widow Mine  
  33  3:14  Marine x2  
  35  3:20  SCV  
  35  3:21  SCV  
  35  3:23  Supply Depot  
  37  3:27  Supply Depot  
  37  3:32  Marine x2, SCV  
  40  3:36  SCV  
  40  3:39  Refinery  
  43  3:49  Marine x2  
  43  3:50  Medivac  
  43  3:53  SCV  
  46  3:57  SCV  
  46  4:07  Marine x2  
  46  4:08  Factory Tech Lab  
  46  4:09  SCV  
  49  4:11  Supply Depot, SCV  
  49  4:16  Command Center  
  50  4:19  Engineering Bay  
  50  4:21  SCV  
  50  4:23  SCV  
  52  4:25  Marine x2  
  54  4:31  Siege Tank  
  54  4:37  SCV  
  58  4:39  SCV  
  58  4:41  Supply Depot  
  58  4:43  Marine x2  
  61  4:47  Missile Turret x2  
  61  4:49  SCV  
  62  4:55  SCV  
  61  5:01  Marine  
  61  5:05  Marine, Siege Tank  
  61  5:06  SCV  
  61  5:10  SCV  
  61  5:13  Supply Depot  
  62  5:14  Barracks  
  62  5:15  Refinery  
  62  5:16  Barracks  
  62  5:18  SCV, Marine  
  62  5:19  Starport Reactor  
  64  5:22  Refinery  
  64  5:23  SCV  
  65  5:30  SCV, Orbital Command  
  65  5:32  Supply Depot  
  65  5:35  SCV  
  67  5:39  Marine x2  
  70  5:42  SCV  
  70  5:45  Siege Tank  
  70  5:47  SCV  
  74  5:52  Barracks  
  74  5:53  Terran Infantry Weapons Level 1  
  74  5:54  SCV, Barracks  
  69  5:59  SCV  
  69  6:00  Marine  
  69  6:02  Barracks Tech Lab x2  
  72  6:07  SCV  
  72  6:08  Medivac  
  72  6:09  Orbital Command  
  72  6:10  Marine  
  75  6:17  Marine  
  75  6:18  Medivac  
  78  6:20  SCV  
  78  6:21  Supply Depot, SCV  
  78  6:23  Missile Turret  
  80  6:26  Supply Depot, Marine, Marauder  
  80  6:27  Supply Depot  
  83  6:32  SCV  
  83  6:33  Marine  
  83  6:35  Marine  
  83  6:38  SCV  
  87  6:43  Marine  
  88  6:52  Stimpack  
  88  6:53  Barracks Tech Lab  
  88  6:56  SCV  
  88  6:57  Viking x2  
  93  7:02  SCV  
  93  7:03  Supply Depot  
  93  7:04  Marine, Marauder, Refinery  
  93  7:05  Supply Depot  
  93  7:06  Refinery  
  97  7:08  Marine  
  97  7:11  Barracks Reactor, Barracks Tech Lab  
  97  7:12  SCV  
  99  7:15  SCV  
  99  7:17  SCV, Marine  
  99  7:19  Sensor Tower  
  102  7:23  Supply Depot  
  102  7:27  Marauder, Medivac x2  
  108  7:30  Marine x2  
  108  7:31  Marine  
  108  7:35  Supply Depot, SCV x2, Marauder  
  108  7:36  SCV  
  116  7:48  Marine x4  
  116  7:50  Terran Infantry Armor Level 1  
  120  7:53  SCV, Engineering Bay  
  120  7:55  Armory  
  120  7:56  Marine, Siege Tank  
  120  7:58  SCV  
  126  8:06  Marauder  
  126  8:07  Barracks  
  126  8:08  Barracks  
  126  8:09  SCV x2  
  126  8:10  Marine  
  126  8:11  Barracks  
  126  8:12  Medivac  
  133  8:17  Marine  
  133  8:18  Marauder x2  
  138  8:20  Marine  
  138  8:25  SCV x2  
  138  8:26  SCV  
  142  8:28  Marauder  
  144  8:37  SCV, Viking  
  144  8:38  SCV  
  148  8:42  Terran Infantry Weapons Level 2  
  148  8:44  Command Center  
  148  8:51  Marauder  
  148  8:54  Starport  
  150  8:57  Marine, Marauder x2  
  150  8:58  Marine  
  150  9:02  Barracks Tech Lab x2  
  156  9:04  Barracks Tech Lab  
  156  9:07  Supply Depot  
  156  9:09  Supply Depot  
  156  9:11  Supply Depot  
  156  9:12  Marauder  
  158  9:18  Marauder  
  158  9:19  Marauder  
  158  9:22  Viking  
  164  9:29  Viking  
  166  9:38  Marauder  
  159  9:56  Factory Tech Lab  
  159  9:57  Viking x2  
  159  9:59  Starport  
  162  10:02  Planetary Fortress  
  162  10:06  Marauder x2  
  166  10:09  Marine, Marauder  
  166  10:10  Marauder x2  
  166  10:12  Marine, Marauder  
  176  10:14  Marine  
  176  10:15  Marine  
  136  10:27  Marine, Marauder  
  136  10:28  Marauder  
  110  10:29  Marine  
  110  10:31  Marauder  
  110  10:32  Marine, Marauder x2  
  110  10:33  Marine  
  110  10:34  Marauder  
  107  10:36  Viking  
  100  10:45  Marine  
  100  10:47  Marine  
  100  10:49  SCV, Marauder x2  
  102  10:50  Marine  
  102  10:51  Marine  
  102  10:52  Marauder  
  102  10:53  Marauder x2  
  102  10:55  Marauder  
  111  11:03  Marine  
  89  11:05  Marine  
  89  11:09  Viking  
  89  11:10  Marauder x2  
  78  11:13  Marauder  
  78  11:14  Marauder, Viking  
  78  11:15  SCV  
  78  11:17  SCV  
  78  11:18  Marine  
  78  11:21  SCV  
  78  11:22  Marine  
  78  11:25  SCV  
  81  11:31  Starport Reactor  
  81  11:33  SCV, Marine x2  
  81  11:36  Marine  
  81  11:39  Marine  
  82  11:40  Marine  
  82  11:41  Marine  
  82  11:43  Marine  
  82  11:45  Marine  
  83  11:51  Marine  
  83  11:52  Marauder  
  83  11:53  Marine  
  86  11:59  Marine  
  86  12:00  Marauder  
  88  12:02  Marine  
Tags
 
Add a new tag
Caveats
  • Supply blocks, unpowered buildings, or Contaminate may cause inaccurate times.
  • Supply counts are checked every 10 seconds.